 Dungeon Sprint DCSS version 0.31-a0-700-gf13585253f (webtiles) character file.

Game seed: 2974187837446133450

874 sircluck the Grappler (level 7, -7/81 HPs)
             Began as a Troll Berserker on Sept 7, 2023.
             Was a Believer of Trog.
             Mangled by a hornet (10 damage)
             ... in the Dungeon (Sprint I: "Red Sonja").
             The game lasted 00:01:29 (148 turns).

sircluck the Grappler (Troll Berserker)              Turns: 148, Time: 00:01:30

Health: -7/81      AC:  6    Str: 28    XL:     7   Next: 74%
Magic:  6/6        EV: 12    Int:  3    God:    Trog [**....]
Gold:   162        SH:  0    Dex:  9    Spells: 6/6 levels left

rFire   . .          .
                       - Unarmed
rCold   . . .        (no shield)
rNeg    + . .        i - +2 robe {rN+}
rPois   .            (helmet restricted)
rElec   .            (no cloak)
rCorr   .            (gloves unavailable)
SInv    .            (boots unavailable)
Will    .....        (no amulet)
Stlth   +            (no ring)
HPRegen 1.13/turn    (no ring)
MPRegen 0.10/turn

%: no teleportation
@: lethally poisoned (-7 -> -10), slowed, very slow
A: large, unfitting armour, claws 3, regeneration 1, shaggy fur 1, tough skin 1
a: Renounce Religion, Berserk, Trog's Hand


You were in the Dungeon.
You worshipped Trog.
Trog was pleased with you.
You visited 1 branch You collected 162 gold pieces.

Inventory:

Armour
 a - a +0 animal skin
 i - a +2 robe of positive energy (worn)
Wands
 h - a wand of charming (1)
Scrolls
 g - a scroll of blinking
 j - a scroll of identify {unknown}
Potions
 b - 2 potions of curing
 c - a potion of heal wounds
 d - a potion of haste
 e - 2 potions of magic
 f - a potion of berserk rage


   Skills:
 + Level 8.8 Fighting
 + Level 8.7 Dodging
 + Level 10.3 Unarmed Combat


You had 6 spell levels left.
You didn't know any spells.
Your spell library was empty.

Dungeon Overview and Level Annotations

Branches:
Dungeon (1/1)

Altars:
Makhleb
Sif Muna
Vehumet
Wu Jian
Xom
Jiyva
Lugonu


Innate Abilities, Weirdness & Mutations

You are too large for most types of armour.
You have claws for hands.
Your natural rate of healing is unusually fast.
You are covered in fur. (AC +1)
You have tough skin. (AC +1)


Message History

There is an open door here.
You close the door.
You start waiting.
You recover from your berserk rage.
You open the door.
There is an open door here.
There is a broken door, spattered with blood here.
You enter the shallow water.
The centaur warrior shouts!
The hornet buzzes angrily.
The centaur warrior wields a +0 orcbow.
The centaur warrior shoots an arrow.
The arrow hits you!! The hornet stings you.
You feel yourself slow down.
You see here a +0 orcbow.
You claw the hornet!
The hornet is moderately wounded.
The hornet stings you!
You suddenly lose the ability to move!
The centaur warrior shoots an arrow.
The arrow hits you!!
The hornet stings you but does no damage.
The centaur warrior shoots an arrow.
The arrow hits you!!
* * * LOW HITPOINT WARNING * * *
You can move again.
You are too injured to fight recklessly!
You are too injured to fight recklessly!
You are too injured to fight recklessly!
You are too injured to fight recklessly!
You are too injured to fight recklessly!
You are too injured to fight recklessly!
You are too injured to fight recklessly!
You are too injured to fight recklessly!
You are too injured to fight recklessly!
You are too injured to fight recklessly!
The hornet stings you.
* * * LOW HITPOINT WARNING * * *
You are poisoned.
You feel as though you will be slow longer.
The centaur warrior unwields a +0 orcbow.
The centaur warrior hits you.
* * * LOW HITPOINT WARNING * * *
The centaur warrior kicks you but does no damage.
The hornet stings you!
You die...

############### ##
<.#..)..#.)'..#__#
..)..#..'..#..+J.+
..#####'#####'#__####
..# #..# #.####§)#
..# ####
##§#§§§§§#§$# ..#
#_.§§@§§§c. ⌠⌠#
+..._#§yc§§#§$# ###
#_.#+##+#### ##+


You could see a centaur warrior and a hornet.

Vanquished Creatures
  A centaur warrior (D)
  Sigmund (D)
  An ogre (D)
  A jelly (D)
  Ijyb (D)
5 creatures vanquished.

Notes
Turn   | Place    | Note
-------+----------+-------------------------------------------
     0 | D        | sircluck the Troll Berserker began the quest for the Orb.
     0 | D        | Reached XP level 1. HP: 22/22 MP: 0/0
     1 | D        | Noticed Ijyb
    18 | D        | Killed Ijyb
    19 | D        | Reached skill level 4 in Unarmed Combat
    19 | D        | Reached XP level 2. HP: 18/32 MP: 1/1
    32 | D        | Noticed an ogre
    39 | D        | Killed an ogre
    40 | D        | Reached skill level 5 in Fighting
    40 | D        | Reached skill level 5 in Dodging
    40 | D        | Reached skill level 6 in Unarmed Combat
    40 | D        | Reached XP level 3. HP: 30/42 MP: 2/2
    40 | D        | Reached XP level 4. HP: 36/50 MP: 3/3
    55 | D        | Noticed Sigmund
    59 | D        | Killed Sigmund
    59 | D        | Reached ** piety under Trog
    60 | D        | Reached skill level 7 in Unarmed Combat
    60 | D        | Reached XP level 5. HP: 61/61 MP: 4/4
    60 | D        | Reached XP level 6. HP: 68/68 MP: 5/5
    83 | D        | Found a burning altar of Makhleb.
    83 | D        | Found a viscous altar of Jiyva.
    83 | D        | Found a shimmering altar of Xom.
    83 | D        | Found a corrupted altar of Lugonu.
    83 | D        | Noticed a slime creature
    85 | D        | Found an ornate altar of the Wu Jian Council.
    85 | D        | Found a shimmering blue altar of Sif Muna.
    87 | D        | Found a radiant altar of Vehumet.
    92 | D        | Reached skill level 8 in Unarmed Combat
    93 | D        | Noticed a centaur warrior
    93 | D        | Noticed a centaur warrior
   105 | D        | Killed a centaur warrior
   106 | D        | Reached skill level 10 in Unarmed Combat
   106 | D        | Reached XP level 7. HP: 81/81 MP: 6/6
   118 | D        | Noticed a hornet
   147 | D        | Paralysed by a hornet for 1 turns
   148 | D        | HP: 4/81 [hornet (6)]
   148 | D        | Mangled by a hornet

Illustrated notes

Levels and vault maps discovered:
D:        dungeon_sprint_1 [red_sonja_temple_1, red_sonja_temple_small_1]

Skill      XL: |  1  2  3  4  5  6 |
---------------+-------------------+-----
Fighting       | 3 5 6 8 |  8.8
Dodging        | 3 5 6 8 |  8.7
Unarmed Combat | 4 6 7 10 | 10.3

Action                     |  1- 3 |  4- 6 |  7- 9 || total
---------------------------+-------+-------+-------++-------
  Melee: Unarmed           |    19 |     9 |     1 ||    29
         Punch             |       |     1 |       ||     1
 Invoke: Berserk           |       |     1 |       ||     1
  Evoke: Wand              |     1 |       |       ||     1
 Armour: Animal skin       |     8 |       |       ||     8
         Robe              |       |     6 |    10 ||    16
  Dodge: Dodged            |     4 |     4 |       ||     8

Table legend: (Time is in decaauts)
 A = Elapsed time spent in this place.
 B = Non-inter-level travel time spent in this place.
 C = Inter-level travel time spent in this place.
 D = Time resting spent in this place.
 E = Time spent auto-exploring this place.
 F = Levels seen in this place.
 G = Mean time per level.
                   A        B        C        D        E       F      G
               +--------+--------+--------+--------+--------+-----+--------+
         Total |    154 |    154 |      0 |     42 |      1 |   1 |  154.0 |
       Dungeon |    154 |    154 |      0 |     42 |      1 |   1 |  154.0 |
               +--------+--------+--------+--------+--------+-----+--------+

Top non-repeatable levels by time:
       D: 154 daAuts
